 Dungeon Crawl Stone Soup version 0.13-a0-3076-g221303f (webtiles) character file.

606 Malachi the Ducker (level 6, -4/52 HPs)
             Began as a Troll Wizard on Sept 17, 2013.
             Slain by a centaur (6 damage)
             ... on Level 5 of the Dungeon.
             The game lasted 00:06:37 (3125 turns).

Malachi the Ducker (Troll Wizard)                   Turns: 3125, Time: 00:06:37

HP  -4/52        AC  5     Str 16      XL: 6   Next: 39%
MP  11/11        EV 10     Int 16      God:
Gold 242         SH  0     Dex  8      Spells:  1 memorised,  9 levels left

Res.Fire  : . . .   See Invis. : .     - Unarmed
Res.Cold  : . . .   Warding    : .   a - +0 robe
Life Prot.: . . .   Conserve   : .   (shield restricted)
Res.Poison: .       Res.Corr.  : .   b - +0 wizard hat
Res.Elec. : .       Clarity    : .   (no cloak)
Sust.Abil.: . .     Spirit.Shd : .   (gloves unavailable)
Res.Mut.  : .       Stasis     : .   (boots unavailable)
Res.Rott. : .       Flight     : .   (no amulet)
Gourmand  : +                        (no ring)
                                     (no ring)

@: slightly resistant to hostile enchantments, unstealthy
A: unfitting armour, claws 3, fast metabolism 3, gourmand, regeneration 2,
saprovore 2, tough skin 2, AC +1
a: no special abilities


You were on level 5 of the Dungeon.
You were very hungry.

You visited 2 branches of the dungeon, and saw 6 of its levels.

You collected 222 gold pieces.

Inventory:

Missiles
 B - 11 poisoned needles
Armour
 a - a +0 robe (worn)
 b - a +0 wizard hat (worn)
Comestibles
 d - 3 meat rations
 n - 12 strawberries
 p - a pear
 q - 3 bread rations
Scrolls
 f - 4 scrolls of remove curse {unknown}
 g - 4 scrolls of identify {unknown}
 k - 2 scrolls of recharging {unknown}
 m - a scroll of amnesia {unknown}
 r - a scroll of curse armour {unknown}
 u - a scroll of magic mapping {unknown}
 y - 2 scrolls of teleportation {unknown}
 z - a scroll of enchant weapon II {unknown}
Jewellery
 i - an uncursed ring of positive energy {unknown}
 l - a cursed -3 ring of evasion {unknown}
 x - an uncursed ring of sustenance {unknown}
Potions
 e - 3 potions of brilliance {unknown}
 h - a potion of porridge {unknown}
 j - a potion of slowing {unknown}
 o - a potion of resistance {unknown}
 s - 2 potions of speed {unknown}
 t - a potion of beneficial mutation {unknown}
 v - 3 potions of curing {unknown}
 w - 2 potions of magic {unknown}
 A - a potion of restore abilities {unknown}
Books
 c - a book of Minor Magic

   Spells                             Type                      Level
   *Magic Dart                        Conjuration                  1
   Blink                              Translocation                2
   Call Imp                           Summoning                    2
   Repel Missiles                     Charms/Air                   2
   Slow                               Hexes                        2
   Conjure Flame                      Conjuration/Fire             3
   Mephitic Cloud                     Conjuration/Poison/Air       3


   Skills:
 + Level 1.4 Fighting
 + Level 3.2 Dodging
 - Level 1.1 Stealth
 + Level 2.5 Unarmed Combat
 * Level 2.9 Spellcasting
 * Level 1.8 Conjurations
   Level 0.6 Summonings
   Level 0.6 Translocations


You had 9 spell levels left.
You knew the following spells:

 Your Spells              Type           Power        Failure   Level  Hunger
a - Magic Dart            Conj           #...         10%         1    #......


Dungeon Overview and Level Annotations

Branches:
Dungeon (5/27)             Temple (1/1) D:4

Altars:
Ashenzari
Elyvilon
Fedhas
Kikubaaqudgha
Makhleb
Nemelex Xobeh
Okawaru
Sif Muna
Trog
Xom
Yredelemnul
Zin
the Shining One


Innate Abilities, Weirdness & Mutations

You are too large for most types of armour.
You have claws for hands.
Your metabolism is lightning-fast.
You like to eat raw meat.
You heal very quickly.
You can eat rotten meat.
You are covered in fur (AC +1).
You have very tough skin (AC +2).


Message History

The centaur is lightly wounded.
The centaur hits you.
* * * LOW HITPOINT WARNING * * *
You hit the centaur.
The centaur is lightly wounded.
The centaur hits you.
* * * LOW HITPOINT WARNING * * *
The centaur misses you.
You hit the centaur.
The centaur is moderately wounded.
You are feeling very hungry.
The centaur hits you but does no damage.
You hit the centaur but do no damage.
The centaur is moderately wounded.
The centaur hits you!
* * * LOW HITPOINT WARNING * * *
You hit the centaur.
The centaur is heavily wounded.
The centaur barely misses you. The centaur hits you.
You die...

###.#.....## #.
#.#......# #.
#.#......# #.
#.#......# #. #
#.#......# #.
#.############.#......#
#c
#.................###.#
#. ##......#####.####
#.# #.
+.....(@c..#.######.#
#.
#......###.#........#
#. #......#
#.############(
########
#.(..c.......(.
##############. .. ##.
.. ##


You could see a centaur (bleeding).

Vanquished Creatures
  A necrophage (D:4)
  Sigmund (D:4)
  A crimson imp (D:5)
  A worker ant (D:4)
  3 adders
  3 worms
  4 giant geckos
  An ooze (D:3)
  3 orcs
  8 bats
  A giant cockroach (D:4)
  8 hobgoblins
  2 jackals (D:3)
  11 kobolds
  2 quokkas
  4 training dummies (D:3)
  3 ball pythons
  A giant newt (D:2)
  2 goblins
  9 rats
69 creatures vanquished.

Notes
Turn   | Place    | Note
--------------------------------------------------------------
     0 | D:1      | Malachi, the Troll Wizard, began the quest for the Orb.
     0 | D:1      | Reached XP level 1. HP: 14/14 MP: 5/5
    69 | D:1      | Reached XP level 2. HP: 22/22 MP: 3/6
   785 | D:2      | Reached XP level 3. HP: 25/28 MP: 7/7
   823 | D:2      | Reached skill level 1 in Conjurations
  1239 | D:3      | Found a glowing silver altar of Zin.
  1239 | D:3      | Noticed an angel
  1714 | D:3      | Reached XP level 4. HP: 33/36 MP: 8/8
  1771 | D:3      | Found an iron altar of Okawaru.
  1813 | D:3      | Reached skill level 1 in Unarmed Combat
  2189 | D:4      | Found a staircase to the Ecumenical Temple.
  2201 | D:4      | Reached skill level 1 in Fighting
  2212 | Temple   | Entered the Ecumenical Temple
  2474 | D:4      | Noticed Sigmund
  2483 | D:4      | Killed Sigmund
  2483 | D:4      | Reached XP level 5. HP: 11/42 MP: 7/9
  2750 | D:4      | Noticed a necrophage
  2763 | D:4      | Killed a necrophage
  2763 | D:4      | Reached skill level 3 in Dodging
  2763 | D:4      | Reached XP level 6. HP: 44/50 MP: 11/11
  3010 | D:5      | Entered Level 5 of the Dungeon
  3124 | D:5      | HP: 1/52 [centaur (8)]
  3125 | D:5      | Slain by a centaur

Action                   |  1- 3 |  4- 6 || total
-------------------------+-------+-------++-------
Melee: Unarmed           |   153 |   125 ||   278
 Cast: Magic Dart        |     6 |     1 ||     7
